AoeStats
← |GaoeG| flamingo

Nomad

509984243Analyzed
3v3 RM · 2d ago on Sep 28, 2026· 55m 26s· 6 players
Game mode
Random Map
Map size
210×210
Population
200
Speed
Normal
Resources
Standard
Victory
Conquest
Starting age
Dark Age
Ending age
Imperial Age
RankedLock teamsTeams togetherTeam positionsShared explorationLock speedFull tech treeHidden civsTurbo modeCheats
Victory
Defeat
🇺🇸 Chinese · United States
1292
+18
🇺🇸 Wei · United States
1288
+18
🇨🇿 Magyars · Czechia
1277
+18
🇪🇸 Vietnamese · Spain
1428
-22
🇪🇸 Teutons · Spain
1328
-18
🇪🇸 Aztecs · Spain
1228
-14
yogieberere
12:47 Loom
15:49 Feudal Age
19:18 Castle Age
17:07 Fishing Lines
17:24 Gold Mining
17:23 Double-Bit Axe
17:26 Horse Collar
20:16 Medium Warships
20:27 Bow Saw
20:20 Heavy Plow
21:04 Wheelbarrow
23:17 Gillnets
24:21 Hand Cart
24:58 Town Watch
29:06 Imperial Age
28:36 Scale Barding Armor
28:41 Forging
29:50 Chain Barding Armor
30:31 Husbandry
30:41 Bloodlines
29:53 Heavy Hei Guang Cavalry
31:10 Iron Casting
32:35 Gold Shaft Mining
31:50 Stone Mining
35:14 Blast Furnace
35:26 Conscription
35:11 Fletching
36:39 Bodkin Arrow
38:17 Ming Guang Armor
37:54 Tuntian
40:12 Stone Shaft Mining
40:04 Elite Tiger Cavalry
41:49 Crop Rotation
43:42 Chemistry
42:46 Light Cavalry
49:07 Hoardings
50:16 Parthian Tactics
49:56 Thumb Ring
49:53 Bracer
49:54 Padded Archer Armor
50:21 Devotion
52:10 Ballistics
52:02 Masonry
51:32 Treadmill Crane
51:48 Murder Holes
52:03 Fortified Wall
53:36 Coinage
Snorkiss89
3:09 Loom
15:12 Feudal Age
18:53 Castle Age
19:44 Double-Bit Axe
30:57 Fletching
34:00 Horse Collar
37:07 Heavy Plow
38:03 Gold Mining
39:15 Stone Mining
41:13 Stone Shaft Mining
42:17 Gold Shaft Mining
42:50 Wheelbarrow
42:53 Bow Saw
43:47 Hand Cart
46:55 Imperial Age
45:08 Bodkin Arrow
45:25 Padded Archer Armor
46:54 Man-at-Arms
47:42 Scale Mail Armor
47:52 Forging
47:49 Squires
47:36 Long Swordsman
48:52 Conscription
49:08 Chain Mail Armor
49:29 Iron Casting
48:18 Two-Handed Swordsman
49:30 Champion
50:43 Plate Mail Armor
51:14 Blast Furnace
51:43 Two-Man Saw
53:06 Bracer
53:48 Leather Archer Armor
55:01 Ballistics
55:42 Chemistry
54:50 Thumb Ring
54:25 Elite Chu Ko Nu
56:19 Ring Archer Armor
Stromovous
14:42 Feudal Age
15:17 Double-Bit Axe
15:27 Loom
17:34 Scale Barding Armor
18:15 Bloodlines
18:01 Town Watch
25:22 Castle Age
23:21 Horse Collar
26:29 Bow Saw
26:20 Heavy Plow
26:49 Husbandry
27:10 Chain Barding Armor
27:54 Wheelbarrow
26:53 Light Cavalry
30:18 Hand Cart
30:58 Hand Cart
31:23 Town Patrol
31:30 Stone Mining
32:23 Fishing Lines
32:54 Gillnets
37:35 Imperial Age
35:47 Masonry
35:46 Pikeman
37:17 Ballistics
37:02 Scale Mail Armor
37:24 Corvinian Army
37:40 Hussar
38:48 Conscription
39:07 Plate Barding Armor
38:22 Fletching
40:07 Chemistry
41:24 Chain Mail Armor
42:39 Gold Mining
43:54 Two-Man Saw
43:33 Heavy Scorpion
45:32 Elite Magyar Huszar
47:23 Hoardings
46:55 Murder Holes
46:34 Man-at-Arms
47:38 Long Swordsman
48:24 Bodkin Arrow
48:18 Two-Handed Swordsman
49:50 Bracer
49:22 Champion
|GaoeG| flamingo
3:24 Loom
14:09 Feudal Age
19:23 Castle Age
17:45 Town Watch
18:37 Scale Barding Armor
18:22 Double-Bit Axe
18:19 Horse Collar
20:24 Bloodlines
27:47 Wheelbarrow
27:18 Town Patrol
27:26 Fletching
30:20 Chain Barding Armor
33:38 Heavy Plow
33:58 Bow Saw
41:33 Imperial Age
49:44 Forging
52:15 Imperial Age
52:38 Gold Mining
54:01 Bodkin Arrow
JITANOmaleant7
4:46 Loom
14:48 Feudal Age
19:25 Castle Age
18:15 Double-Bit Axe
20:37 Wheelbarrow
20:22 Fletching
22:28 Bodkin Arrow
33:51 Imperial Age
34:23 Gold Mining
37:16 Scale Mail Armor
37:27 Forging
38:21 Chain Mail Armor
39:21 Chemistry
40:07 Iron Casting
39:21 Elite Fire Lancer
42:14 Squires
|GaoeG| Joseba77
6:27 Loom
14:46 Feudal Age
21:06 Castle Age
18:55 Double-Bit Axe
19:39 Horse Collar
20:05 Scale Mail Armor
21:16 Forging
21:13 Eagle Warrior
22:49 Chain Mail Armor
23:52 Squires
30:04 Iron Casting
29:25 Pikeman
32:02 Arson
34:40 Wheelbarrow
36:35 Hand Cart
39:02 Imperial Age
37:37 Heavy Plow
37:50 Bow Saw
37:45 Gold Mining
40:16 Plate Mail Armor
39:08 Elite Eagle Warrior
43:19 Garland Wars
44:30 Conscription
49:13 Coinage
50:49 Elite Jaguar Warrior
52:47 Fishing Lines
53:19 Fletching
54:30 Blast Furnace
55:18 Gambesons
Connection lost

Rejoining the realm…

Still unreachable

The connection could not be restored.

Session expired

The server has moved on; the page needs a fresh start.